 Dungeon Crawl Stone Soup version 0.31.0-1-g2c135a0 (webtiles) character file.

Game seed: 2352036525289843386

2238 BackgroundCharacter the Chiller (level 9, -3/55 (57) HPs)
             Began as a Vampire Ice Elementalist on Apr 9, 2024.
             Slain by a wight
             ... wielding a +3 flail
              (9 damage)
             ... on level 6 of the Dungeon.
             The game lasted 00:32:09 (5674 turns).

BackgroundCharacter the Chiller (VpIE)              Turns: 5674, Time: 00:32:09

HP:   -3/55 (57)    AC:  9    Str:  7    XL:     9   Next: 14%
MP:   1/17          EV: 12    Int: 28    God:
Gold: 336           SH:  0    Dex: 14    Spells: 9/19 levels left

rFire   . . .        (no weapon)
rCold   + . .        (no shield)
rNeg    . . .        q - +2 ring mail {rF+}
rPois   .            x - +1 helmet
rElec   .            (no cloak)
rCorr   .            (no gloves)
SInv    +            (no boots)
Will    .....        (no amulet)
Stlth   +++          j - ring of ice
HPRegen 0.49/turn    l - +6 ring of intelligence
MPRegen 0.15/turn

%: no passive effects
@: unable to call your familiar, healing quickly, lightly drained
A: alive, fangs 3, see invisible, vampiric 2
a: Exsanguinate


You were on level 6 of the Dungeon.
You visited 1 branch of the dungeon, and saw 6 of its levels.

You collected 336 gold pieces.

Inventory:

Armour
 a - a +0 robe
 k - a +0 ring mail of willpower
 q - a +2 ring mail of fire resistance (worn)
 u - a +1 scale mail of cold resistance
 v - a +1 chain mail of fire resistance
 x - a +1 helmet (worn)
 C - a +2 buckler of fire resistance
Jewellery
 c - a +6 ring of strength
 j - a ring of ice (left hand)
 l - a +6 ring of intelligence (right hand)
 n - a +6 ring of strength
 B - a ring of resist corrosion
Wands
 o - a wand of polymorph (12)
Scrolls
 d - 7 scrolls of identify {unknown}
 e - 2 scrolls of poison {unknown}
 i - 2 scrolls of revelation {unknown}
 r - 2 scrolls of teleportation {unknown}
 t - a scroll of fog {unknown}
 w - a scroll of fear {unknown}
 y - a scroll of blinking {unknown}
 z - a scroll of vulnerability {unknown}
Potions
 b - 2 potions of magic
 f - 4 potions of haste {unknown}
 g - 2 potions of lignification {unknown}
 h - 2 potions of curing {unknown}
 m - a potion of attraction {unknown}
 p - a potion of degeneration {unknown}
 s - a potion of might {unknown}
 A - a potion of ambrosia {unknown}


   Skills:
 + Level 7.0 Dodging
 - Level 6.1 Stealth
 + Level 5.8 Spellcasting
 + Level 4.7 Summonings
 + Level 7.3 Ice Magic


You had 9 spell levels left.
You knew the following spells:

 Your Spells              Type           Power      Damage    Failure   Level
a - Freeze                Ice            100%       1d10      1%          1
b - Frozen Ramparts       Ice            100%       1d16      3%          3
c - Call Canine Familiar  Summ           34%        N/A       10%         3
d - Summon Ice Beast      Ice/Summ       58%        N/A       5%          3

Your spell library contained the following spells:

 Spells                   Type           Power      Damage    Failure   Level
 Ozocubu's Armour         Ice            65%        N/A       3%          3
 Sigil of Binding         Hex            8%         N/A       54%         3
 Dimensional Bullseye     Hex/Tloc       4%         N/A       91%         4


Dungeon Overview and Level Annotations

Branches:
Dungeon (6/15)
 Temple: D:4-7

Altars:
Kikubaaqudgha

Annotations:
D:2 1 runed translucent door, Crazy Yiuf


Innate Abilities, Weirdness & Mutations

Your natural rate of healing is accelerated.
You have razor-sharp teeth.
You have supernaturally acute eyesight. (SInv)
You are afflicted with vampirism and can become a bat while bloodless.


Message History

The ufetubus hits you.
* * * LOW HITPOINT WARNING * * *
The ufetubus hits you but does no damage.
Things that are here:
a +0 dagger; a +0 robe The ufetubus attacks as it pursues you!
The ufetubus barely misses you. The ufetubus misses you.
The ufetubus hits you but does no damage.
The ufetubus completely misses you. The ufetubus attacks as it pursues you!
The ufetubus closely misses you.
The ufetubus hits you but does no damage.
The ufetubus closely misses you. The ufetubus hits you.
* * * LOW HITPOINT WARNING * * *
The ufetubus closely misses you. The ufetubus misses you.
The wight barely misses your inugami. The ufetubus barely misses you.
The ufetubus misses you. The wight hits you but does no damage.
Your inugami barely misses the wight.
The wight hits your inugami with a +3 flail!
Your inugami dies!
Your inugami disappears in a puff of smoke!
The ufetubus attacks as it pursues you! The ufetubus closely misses you.
The ufetubus misses you. The ufetubus closely misses you.
The ufetubus completely misses you. The wight hits you with a +3 flail!
* * * LOW HITPOINT WARNING * * *
Things that are here:
a +0 dagger; a +0 robe The wight attacks as it pursues you!
The wight hits you with a +3 flail.
* * * LOW HITPOINT WARNING * * *
The ufetubus attacks as it pursues you! The ufetubus barely misses you.
The ufetubus misses you. The ufetubus slips past you!
The ufetubus hits you but does no damage. x2
Casting: Call Canine Familiar (dangerous; 10% risk of failure)
Confirm with . or Enter, or press ? or * to list all spells.
You feel a surge of power! A chill wind blows around you.
The ufetubus hits you.
* * * LOW HITPOINT WARNING * * *
The ufetubus hits you but does no damage.
The ufetubus hits you but does no damage.
The ufetubus barely misses you. The wight hits you with a +3 flail!
You die...

##....))####Y.##........
#..........#...........
#.........#..........######
###.####.##.Y...#.....#.#.##
## ###....5z##.##......#
##.....##..##...#..#
#......##..)....# #
###.....#zz#..###
#......@.Y#### #........5..#
.....#.....## ...........#
...#.#...... #.#####......
##..##.. #### ##


You could see a sky beast (wandering), 2 wights, an ufetubus and a friendly ice
beast (summoned).

Vanquished Creatures
  Sigmund (D:2)
  The ghost of Estrea the Geomancer, an amateur GrEE (D:4)
  Grum (D:5)
  An orc warrior (D:4)
  A sky beast (D:6)
  An ogre (D:4)
  A gnoll sergeant (D:5)
  2 scorpions (D:4)
  A wight (D:6)
  A bombardier beetle (D:3)
  A jelly (D:4)
  3 orc priests
  8 hounds
  Terence (D:2)
  3 orc wizards
  A hound zombie (D:5)
  5 adders
  3 gnolls (D:5)
  A shadow imp (D:5)
  An adder zombie (D:5)
  A ribbon worm (D:2)
  3 dart slugs
  9 orcs
  3 endoplasms
  2 giant cockroaches
  2 gnoll zombies (D:5)
  6 goblins
  3 hobgoblins
  A jackal (D:1)
  5 kobolds
  2 quokkas (D:4)
  5 ball pythons
  4 frilled lizards
  A kobold zombie (D:5)
  3 rats (D:1)
88 creatures vanquished.

Vanquished Creatures (collateral kills)
  A black bear (D:5)
  A gnoll sergeant (D:5)
  A scorpion (D:5)
  2 wights (D:6)
  A burial acolyte (D:5)
  2 hounds (D:5)
  A jelly (D:5)
  A sleepcap (D:4)
  An iguana (D:5)
  An orc wizard (D:6)
  A hound zombie (D:5)
  3 adders (D:4)
  3 gnolls (D:5)
  A shadow imp (D:5)
  An ufetubus (D:6)
  5 orcs
  A gnoll zombie (D:5)
27 creatures vanquished.

Grand Total: 115 creatures vanquished

Notes
Turn   | Place    | Note
-------+----------+-------------------------------------------
     0 | D:1      | BackgroundCharacter the Vampire Ice Elementalist began the
                  | quest for the Orb.
     0 | D:1      | Reached XP level 1. HP: 13/13 MP: 3/3
   531 | D:1      | Reached XP level 2. HP: 17/19 MP: 1/5
   986 | D:2      | Noticed Terence
   995 | D:2      | Killed Terence
   996 | D:2      | Gained mutation: You are afflicted with vampirism and can
                  | become a bat while bloodless. [Vampire growth]
   996 | D:2      | Reached XP level 3. HP: 22/24 MP: 1/6
  1083 | D:2      | Noticed Sigmund
  1093 | D:2      | Killed Sigmund
  1094 | D:2      | Reached skill level 5 in Stealth
  1094 | D:2      | Reached XP level 4. HP: 23/30 MP: 3/8
  1094 | D:2      | Reached XP level 5. HP: 27/35 MP: 3/9
  1315 | D:2      | Learned a level 3 spell: Frozen Ramparts
  1319 | D:2      | Learned a level 3 spell: Call Canine Familiar
  1323 | D:2      | Learned a level 3 spell: Summon Ice Beast
  1493 | D:2      | Found a runed translucent door.
  1494 | D:2      | Noticed Crazy Yiuf
  2423 | D:3      | Reached skill level 5 in Ice Magic
  2423 | D:3      | Reached XP level 6. HP: 40/41 MP: 4/10
  2670 | D:4      | Noticed an orc warrior
  2674 | D:4      | Killed an orc warrior
  2878 | D:4      | Found a runed translucent door.
  2902 | D:4      | Noticed Estrea's ghost (amateur GrEE)
  2938 | D:4      | Reached skill level 1 in Summonings
  2938 | D:4      | Reached XP level 7. HP: 46/46 MP: 5/12
  3209 | D:4      | Reached skill level 5 in Dodging
  3630 | D:4      | Killed Estrea's ghost
  3826 | D:5      | Entered Level 5 of the Dungeon
  3949 | D:5      | Reached XP level 8. HP: 37/52 MP: 7/14
  4398 | D:5      | Found an ancient bone altar of Kikubaaqudgha.
  4749 | D:5      | Reached skill level 5 in Spellcasting
  4812 | D:5      | Noticed Grum
  4821 | D:5      | Killed Grum
  5547 | D:6      | Reached XP level 9. HP: 57/57 MP: 8/17
  5674 | D:6      | Slain by a wight

Illustrated notes

Levels and vault maps discovered:
D:1:      dpeg_arrival_rooms_with_view, layout_loops_ring
D:2:      layout_loops_ring, uniq_crazy_yiuf_cottage, uniq_terence, uniq_sigmund
D:3:      layout_basic, minmay_puff
D:4:      layout_loops_ring, ebering_ghost_sewer_d
D:5:      layout_cave_pools, regret_index_kikubaaqudgha_part_by_part,
          serial_gnoll_camp, gnoll_camp_mini_hut, gnoll_camp_mini_sergeant,
          grums_kennel, gnoll_camp_mini_loothouse
D:6:      layout_cave_pools, minmay_temple_entry_waves, serial_rivers,
          chequers_serial_rivers_micro_c, chequers_serial_rivers_micro_d,
          chequers_serial_rivers_room_a, chequers_serial_rivers_large_a,
          nicolae_shop_distant_corner_stores

Skill      XL: |  1  2  3  4  5  6  7  8  9 |
---------------+----------------------------+-----
Dodging        | 3 4 5 6 7 |  7.0
Stealth        | 5 6 |  6.1
Spellcasting   | 3 4 5 |  5.8
Ice Magic      | 5 6 7 |  7.3
Summonings     | 1 2 4 |  4.7

Action                     |  1- 3 |  4- 6 |  7- 9 || total
---------------------------+-------+-------+-------++-------
  Melee: Unarmed           |    12 |     1 |     5 ||    18
         Bite              |       |       |     2 ||     2
   Cast: Freeze            |    22 |    46 |    44 ||   112
         Summon Ice Beast  |       |     3 |    17 ||    20
         Frozen Ramparts   |       |     3 |    15 ||    18
         Call Canine Famil |       |       |    12 ||    12
 Armour: Robe              |    10 |       |       ||    10
         Ring mail         |     4 |    18 |   137 ||   159
  Dodge: Dodged            |    18 |    19 |   118 ||   155
